 Dungeon Crawl Stone Soup version 0.31-a0-986-g5e6e4ef867 (webtiles) character file.

Game seed: 1069550583114042557

816 Lobster4 the Chiller (level 7, 0/52 HPs)
             Began as a Merfolk Ice Elementalist on Nov 10, 2023.
             Slain by a troll (8 damage)
             ... on level 5 of the Dungeon.
             The game lasted 00:23:25 (5154 turns).

Lobster4 the Chiller (Merfolk Ice Elementalist)     Turns: 5154, Time: 00:23:25

Health: 0/52       AC: 11    Str:  8    XL:     7   Next: 94%
Magic:  6/12       EV: 14    Int: 17    God:
Gold:   314        SH:  0    Dex: 14    Spells: 4/12 levels left

rFire   . . .        a - +2 whip (elec)
rCold   . . .        (no shield)
rNeg    . . .        o - +0 robe
rPois   .            l - +1 helmet
rElec   .            (no cloak)
rCorr   .            (no gloves)
SInv    .            (no boots)
Will    .....        i - amulet of regeneration
Stlth   ++           (no ring)
HPRegen 1.08/turn    (no ring)
MPRegen 0.13/turn

%: no passive effects
@: ice-armoured, freezing walls
A: (nimble swimmer 2), mertail
a: no special abilities


You were on level 5 of the Dungeon.
You visited 2 branches of the dungeon, and saw 6 of its levels.
You also visited: Ossuary.

You collected 314 gold pieces.

Inventory:

Hand Weapons
 a - a +2 whip of electrocution (weapon)
 b - a +0 sling
 d - a +0 dagger
 e - a +0 short sword of flaming
 n - a +0 spear
 r - a +0 rapier
 t - a +2 short sword of electrocution
Missiles
 f - 5 poisoned darts
 h - 45 stones (quivered)
Armour
 l - a +1 helmet (worn)
 o - a +0 robe (worn)
 q - a +0 leather armour
Jewellery
 i - an amulet of regeneration (around neck)
Talismans
 c - a beast talisman
Scrolls
 j - 2 scrolls of immolation
 k - a scroll of amnesia
 p - a scroll of enchant weapon {unknown}
 u - 2 scrolls of vulnerability {unknown}
 w - a scroll of blinking
 x - a scroll of butterflies {unknown}
 y - 2 scrolls of identify
Potions
 g - 4 potions of curing
 m - 2 potions of mutation {unknown}
 s - a potion of cancellation {unknown}
 v - a potion of enlightenment
 z - a potion of might


   Skills:
 + Level 3.1 Fighting
 - Level 3.0 Polearms
 + Level 1.9 Throwing
 + Level 0.8 Armour
 + Level 4.8 Dodging
 - Level 3.0 Stealth
 + Level 3.3 Spellcasting
 + Level 1.8 Transmutations
 * Level 6.6 Ice Magic
 + Level 1.3 Poison Magic
 + Level 1.2 Shapeshifting


You had 4 spell levels left.
You knew the following spells:

 Your Spells              Type           Power      Damage    Failure   Level
a - Freeze                Ice            100%       1d10      1%          1
b - Frozen Ramparts       Ice            50%        1d8       3%          3
c - Ozocubu's Armour      Ice            25%        N/A       3%          3
d - Sting                 Tmut/Pois      32%        1d4       9%          1

Your spell library contained the following spells:

 Spells                   Type           Power      Damage    Failure   Level
 Foxfire                  Conj/Fire      8%         2x1d4     17%         1
 Poisonous Vapours        Pois/Air       10%        N/A       19%         2
 Summon Ice Beast         Ice/Summ       14%        N/A       41%         4
 Stone Arrow              Conj/Erth      4%         3d7       45%         3
 Olgreb's Toxic Radiance  Pois           7%         N/A       67%         4
 Animate Armour           Summ/Erth      4%         N/A       86%         4
 Metabolic Englaciation   Hex/Ice        7%         N/A       77%         5
 Plasma Beam              Fire/Air       1%         2x1d11    100%        6
 Simulacrum               Ice/Necr       7%         N/A       100%        6
 Starburst                Conj/Fire      1%         6d3       100%        6
 Lehudib's Crystal Spear  Conj/Erth      1%         10d2      100%        8


Dungeon Overview and Level Annotations

Branches:
Dungeon (5/15)             Temple (1/1) D:5         Ossuary (visited)

Altars:
Dithmenos
Elyvilon
Fedhas
Gozag
Hepliaklqana
Kikubaaqudgha
Makhleb
Nemelex Xobeh
Qazlal
Ru
Trog
Uskayaw
Vehumet
Xom
Yredelemnul
Zin

Annotations:
D:3 1 runed translucent door, Crazy Yiuf


Innate Abilities, Weirdness & Mutations

((You are very nimble when in or above water. (Stealth+, EV+, Speed+++)))
Your lower body shifts to a powerful aquatic tail in water.


Message History

Okay, then.
You see here a scroll of teleportation.
A - a scroll of teleportation
As you read the scroll of teleportation, it crumbles to dust.
You feel strangely unstable. The troll attacks as it pursues you!
The troll bites you! The troll claws you. x2
Your surroundings suddenly seem different.
You start resting.
HP restored.
You start resting.
Magic restored.
y - 2 scrolls of identify (gained 1)
Casting: Ozocubu's Armour (dangerous; 3% risk of failure)
Confirm with . or Enter, or press ? or * to list all spells.
A film of ice covers your body!
The troll shouts!
Unknown command.
Casting: Ozocubu's Armour (dangerous; 3% risk of failure)
Confirm with . or Enter, or press ? or * to list all spells.
Casting: Frozen Ramparts (dangerous; 3% risk of failure)
Press: ? - help, Dir - look around, f - activate The walls around you are covered in ice.
The wall freezes the troll.
The troll bites you. The troll claws you. x2
You closely miss the troll.
The troll is lightly wounded.
The wall freezes the troll.
The troll bites you! The troll barely misses you. x2
You hit the troll. Your punch misses the troll.
The troll is moderately wounded.
The wall freezes the troll!
The troll bites you. The troll claws you but does no damage.
The troll claws you.
You hit the troll.
The troll is heavily wounded.
The wall freezes the troll!
The troll bites you. The troll claws you. The troll claws you!
You closely miss the troll.
The troll is severely wounded.
The wall freezes the troll.
The troll bites you!
* * * LOW HITPOINT WARNING * * *
The troll claws you!
You die...

#.#
#.#.#.#)#.#.#.#.#.#.#
#####.#
#....).!............#
......#
#.#.#.#.#.#.#.#.#.#.#.
#######
##....................
#.#.#.#.#.#.#.#.#.#.#.#
##.................
#.#.#.#.#.#.#.#.#
#....T?......
#.#.#@#.#.#.#
##...........
#..#.#.#.#.#.
############.#........
...............#.#.#.#.#
#############.#.........
#...#.#.#.# ##.......
######


You could see a troll.

Vanquished Creatures
  A centaur (D:5)
  An ogre (D:5)
  An elf zombie (Ossuary)
  2 scorpions (D:4)
  A human zombie (Ossuary)
  A jelly (D:5)
  3 hounds
  An orc priest (D:5)
  2 orc wizards (D:4)
  2 mummies (Ossuary)
  10 adders
  3 adder zombies (Ossuary)
  A dart slug (D:2)
  10 orcs
  5 endoplasms
  5 giant cockroaches
  8 goblins
  5 hobgoblins
  3 jackals (D:4)
  3 quokkas
  4 ball pythons
  4 bats
  2 frilled lizards
  12 hobgoblin zombies (Ossuary)
  A jackal zombie (Ossuary)
  8 kobolds
  9 kobold zombies (Ossuary)
  8 orc zombies (Ossuary)
  3 rats
  A rat zombie (Ossuary)
120 creatures vanquished.

Notes
Turn   | Place    | Note
-------+----------+-------------------------------------------
     0 | D:1      | Lobster4 the Merfolk Ice Elementalist began the quest for
                  | the Orb.
     0 | D:1      | Reached XP level 1. HP: 13/13 MP: 3/3
   323 | D:1      | Reached XP level 2. HP: 20/20 MP: 0/5
  1045 | D:2      | Reached skill level 1 in Fighting
  1045 | D:2      | Reached XP level 3. HP: 23/26 MP: 2/6
  1049 | D:2      | Learned a level 3 spell: Frozen Ramparts
  1620 | D:2      | Reached skill level 5 in Ice Magic
  1981 | D:3      | Reached XP level 4. HP: 32/32 MP: 4/7
  2233 | D:3      | Found a hazy altar of Hepliaklqana.
  2362 | D:3      | Found a runed translucent door.
  2363 | D:3      | Noticed Crazy Yiuf
  2789 | D:4      | Reached skill level 1 in Polearms
  2789 | D:4      | Reached XP level 5. HP: 38/38 MP: 2/8
  3064 | D:4      | Reached XP level 6. HP: 33/44 MP: 1/10
  3288 | D:4      | Reached skill level 6 in Ice Magic
  3519 | D:4      | Reached skill level 1 in Throwing
  3600 | D:4      | Learned a level 3 spell: Ozocubu's Armour
  3602 | D:4      | Learned a level 1 spell: Sting
  3814 | D:5      | Entered Level 5 of the Dungeon
  3832 | D:5      | Found a sand-covered staircase.
  3836 | Ossuary  | Entered an ossuary
  4121 | Ossuary  | Reached XP level 7. HP: 51/51 MP: 1/11
  4352 | D:5      | Reached skill level 1 in Transmutations
  4382 | D:5      | Found a staircase to the Ecumenical Temple.
  4392 | Temple   | Entered the Ecumenical Temple
  4683 | D:5      | Reached skill level 1 in Poison Magic
  4786 | D:5      | Found a shadowy altar of Dithmenos.
  4881 | D:5      | Reached skill level 1 in Shapeshifting
  4960 | D:5      | Noticed a troll
  5154 | D:5      | Slain by a troll

Illustrated notes

Levels and vault maps discovered:
D:1:      lightli_arrival_statuegarden, layout_basic, glass_columns_a,
          feat_on_display
D:2:      layout_basic, minmay_tetromino_i4
D:3:      layout_rooms, nicolae_hepliaklqana_hippocampus, nrook_mini_backslash,
          corexii_hall_statues_l, uniq_crazy_yiuf_cottage
D:4:      layout_gridville, wad_floor_pattern_untrapped, minmay_checkerbox
D:5:      layout_basic, nicolae_dithmenos_through_a_glass_darkly,
          minmay_temple_entry_junction, enter_ossuary_5, hex_large
Temple:   nicolae_temple_great_sept

Skill      XL: |  1  2  3  4  5  6  7 |
---------------+----------------------+-----
Dodging        | 3 4 |  4.8
Fighting       | 1 2 3 |  3.1
Ice Magic      | 5 6 |  6.6
Polearms       | 1 2 3 |  3.0
Stealth        | 3 |  3.0
Spellcasting   | 3 |  3.3
Throwing       | 1 |  1.9
Transmutations | 1 |  1.8
Poison Magic   | 1 |  1.3
Shapeshifting  | 1 |  1.2
Armour         | |  0.8

Action                     |  1- 3 |  4- 6 |  7- 9 || total
---------------------------+-------+-------+-------++-------
  Melee: Short sword       |    11 |    30 |       ||    41
         Punch             |     1 |     3 |       ||     4
         Unarmed           |     1 |       |       ||     1
         Whip              |       |    41 |    44 ||    85
   Fire: Sling             |       |    68 |    15 ||    83
  Throw: Stone             |     5 |     7 |       ||    12
         Dart              |       |    12 |       ||    12
   Cast: Freeze            |    44 |    49 |    17 ||   110
         Frozen Ramparts   |       |     8 |     6 ||    14
         Ozocubu's Armour  |       |     2 |     7 ||     9
    Use: Scroll            |     6 |     3 |     3 ||    12
         Potion            |       |     1 |     2 ||     3
   Stab: Sleeping          |     6 |     4 |       ||    10
 Armour: Robe              |    18 |    82 |    52 ||   152
  Dodge: Dodged            |    19 |    86 |    38 ||   143

Table legend: (Time is in decaauts)
 A = Elapsed time spent in this place.
 B = Non-inter-level travel time spent in this place.
 C = Inter-level travel time spent in this place.
 D = Time resting spent in this place.
 E = Time spent auto-exploring this place.
 F = Levels seen in this place.
 G = Mean time per level.
                   A        B        C        D        E       F      G
               +--------+--------+--------+--------+--------+-----+--------+
         Total |   5171 |   5033 |    138 |    657 |   2991 |   7 |  738.7 |
       Dungeon |   4641 |   4503 |    138 |    593 |   2884 |   5 |  928.2 |
        Temple |      1 |      1 |      0 |      0 |      0 |   1 |    1.0 |
       Ossuary |    528 |    528 |      0 |     64 |    107 |   1 |  528.0 |
               +--------+--------+--------+--------+--------+-----+--------+

Top non-repeatable levels by time:
     D:4: 1120 daAuts
     D:2: 993 daAuts
     D:1: 959 daAuts
     D:5: 827 daAuts
     D:3: 739 daAuts
 Ossuary: 528 daAuts
  Temple: 1 daAuts
